[Event "*** Titled Tuesday 3|2 Blitz"]
[Site "Chess.com"]
[Date "2017.06.06"]
[Round "1"]
[White "Gordima"]
[Black "LonesomeGeorge1"]
[Result "1-0"]
[WhiteElo "2536"]
[BlackElo "2258"]
[TimeControl "180+2"]
[EndTime "13:58:47 PDT"]
[Termination "Gordima won by resignation"]

1. Nf3 e6 2. c4 f5 3. g3 Nf6 4. Bg2 Be7 5. O-O O-O 6. b3 d6 7. d4 a5 8. Nc3 Ne4 9. Bb2 Nxc3 10.
Bxc3 Bf6 11. Qc2 Nc6 12. e4 e5 13. dxe5 Nxe5 14. Nd4 fxe4 15. Bxe4 g6 16. f4 Ng4 17.
Rae1 Kh8 18. h3 Nh6 19. g4 Bg7 20. Bg2 Bd7 21. Ne6 Bxe6 22. Rxe6 Qd7 23. Bxg7+ Kxg7 24. Qc3+ Kg8 25. Bd5 Nf7 26. Rfe1 Rae8 27. Qf6 Rxe6 28. Rxe6 Re8 29. f5 gxf5 30. gxf5 c6 31. Rxd6 Qe7 32. Bxf7+ Qxf7 33. Qxf7+ Kxf7 34. Kf2 Re5 35. Rd7+ Kf6 36. Rxb7 h5 37. Rc7 Rc5 38. Ke3 Kxf5 39. Kd4 Re5 40. Rf7+ Ke6 41. Re7+ 1-0

[Event "*** Titled Tuesday 3|2 Blitz"]
[Site "Chess.com"]
[Date "2017.06.06"]
[Round "1"]
[White "Shtembuliak"]
[Black "Schemato"]
[Result "1-0"]
[WhiteElo "2598"]
[BlackElo "2301"]
[TimeControl "180+2"]
[EndTime "13:58:48 PDT"]
[Termination "Shtembuliak won by resignation"]

1. Nf3 c5 2. g3 g6 3. Bg2 Bg7 4.
O-O Nc6 5. c4 d6 6. Nc3 Bf5 7. a3 Qd7 8. b4 Bxc3 9. dxc3 Bh3 10. a4 Bxg2 11. Kxg2 Nf6 12. a5 cxb4 13. cxb4 Nxb4 14.
Bb2 O-O 15. Bxf6 exf6 16. Qd2 Nc6 17. Rfd1 Rfd8 18. Rab1 Rac8 19. Rb5 Ne5 20. Nxe5 fxe5 21. Rxe5 Rxc4 22. Rd5 Qc6 23. Kg1 Rc5 24. Rd4 d5 25. e4 Qa6 26. Rxd5 Rdxd5 27. exd5 Qd6 28. h4 h5 29. Qb4 b6 30. a6 Kf8 31. Qd4 Kg8 32. Re1 Rc8 33. Re5 Rd8 34. Qe3 b5 35. Re8+ Rxe8 36.
Qxe8+ Kg7 37. Qxb5 Kf6 38. Qb7 Ke5 39. Qxa7 Qxd5 40. Qe7+ Kf5 41. a7 Qd1+ 42. Kh2 Qd2 43. Qxf7+ Ke5 44. Qf4+ Qxf4 45. gxf4+ 1-0

[Event "*** Titled Tuesday 3|2 Blitz"]
[Site "Chess.com"]
[Date "2017.06.06"]
[Round "1"]
[White "MyleneFarmer"]
[Black "AkshatChandra"]
[Result "0-1"]
[WhiteElo "2373"]
[BlackElo "2737"]
[TimeControl "180+2"]
[EndTime "13:58:50 PDT"]
[Termination "AkshatChandra won by checkmate"]

1. e4 c5 2. Nf3 e6 3. d4 cxd4 4. Nxd4 Nc6 5. Nc3 Qc7 6. Be3 a6 7. Qd2 Nf6 8. f3 Ne5 9. O-O-O Bb4 10. a3 Bxc3 11. Qxc3 Qxc3 12. bxc3 d5 13. Bf4 Ng6 14. Bd6 dxe4 15. c4 Bd7 16. c5 exf3 17. gxf3 e5 18.
Re1 O-O-O 19. Nb3 Rhe8 20. Bc4 Be6 21. Bd3 Nf4 22. Bf1 Bd5 23. Rg1 N6h5 24. Rxe5 Rxe5 25. Bxe5 Ng6 26. f4 Nxe5 27. fxe5 Re8 28. Bh3+ Kc7 29.
Bg4 Nf4 30. Bd1 Ng6 31. h4 Rxe5 32. h5 Nf4 33. Rxg7 Nxh5 34. Rxh7 Nf6 35. Rh6 Nd7 36. Rh7 Be6 37. Bh5 Nf6 38. Rxf7+ Bxf7 39. Bxf7 Nd7 40.
Kb2 Nxc5 41. Nxc5 Rxc5 42. a4 Kb6 43. Bb3 Rg5 44. Ka3 Kc5 45. Kb2 Kb4 46. Ka2 Kc3 47. Ka3 Rg2 48. a5 Rg5 49. Ka4 Rg4+ 50. Ka3 Rb4 51. Ba4 Rb1 52. Bb3 Ra1+ 53. Ba2 Kxc2 54.
Kb4 Rxa2 55. Kc4 Rxa5 56. Kb4 Rb5+ 57. Ka4 Kc3 58. Ka3 Ra5# 0-1

[Event "*** Titled Tuesday 3|2 Blitz"]
[Site "Chess.com"]
[Date "2017.06.06"]
[Round "1"]
[White "Makalexa"]
[Black "pKiLz5Rn9b"]
[Result "0-1"]
[WhiteElo "2188"]
[BlackElo "2495"]
[TimeControl "180+2"]
[EndTime "13:58:51 PDT"]
[Termination "pKiLz5Rn9b won by resignation"]

1. e4 e6 2. d4 d5 3. Nc3 dxe4 4.
Nxe4 Nd7 5. Bd3 Ngf6 6. Ng3 c5 7.
Nf3 b6 8. dxc5 Bxc5 9. O-O Bb7 10. Bb5 a6 11. Bxd7+ Qxd7 12. Ne5 Qxd1 13. Rxd1 Ke7 14.
Bg5 h6 15. Bxf6+ gxf6 16. Nd3 Bd6 17. Re1 Kf8 18. Ne4 Be7 19. f3 Rg8 20. Kf2 Rc8 21.
c3 f5 22. Ng3 a5 23. Kf1 Ba6 24. Ke2 Rd8 25. Rad1 Bh4 26. Ke3 Bxg3 27. hxg3 Rxg3 28. Re2 f4+ 29. Kxf4 Rxd3 30. Rxd3 Bxd3 31. Rd2 Rg5 32.
Rxd3 Rxg2 33. b4 Ke7 34. bxa5 bxa5 35. a4 h5 36. Ke3 Rc2 37. Kf4 Kf6 38. Kg3 Kg6 39. f4 Kf5 40. Kf3 h4 41. Re3 f6 42.
Rd3 Rh2 43. Rd8 Rh3+ 44. Kg2 Rxc3 45. Rh8 Kxf4 46. Rxh4+ Ke5 47. Rh5+ f5 48. Kf2 Rc4 49. Ke3 Rxa4 50. Rh8 Ra3+ 51. Ke2 a4 52. Ra8 Ke4 53.
Ke1 f4 54. Kf1 Ra2 55. Ke1 e5 56. Ra5 Kd4 57. Kf1 e4 58. Ke1 f3 59. Ra8 Ke3 60. Kd1 f2 61. Rf8 f1=Q+ 62. Rxf1 Ra1+ 63. Kc2 Rxf1 0-1

[Event "*** Titled Tuesday 3|2 Blitz"]
[Site "Chess.com"]
[Date "2017.06.06"]
[Round "1"]
[White "Grebeniuk-S"]
[Black "cstefan"]
[Result "0-1"]
[WhiteElo "2431"]
[BlackElo "2147"]
[TimeControl "180+2"]
[EndTime "13:58:53 PDT"]
[Termination "cstefan won by resignation"]

1. d4 Nf6 2. Nf3 e6 3. c4 Bb4+ 4. Bd2 Qe7 5. g3 Nc6 6. Bg2 Bxd2+ 7. Qxd2 Ne4 8. Qc2 Qb4+ 9. Nbd2 Nxd2 10. Qxd2 Qxc4 11.
O-O a5 12. Rac1 Qb4 13. Qf4 d6 14. a3 Qb5 15. e4 O-O 16. Qd2 a4 17. d5 exd5 18.
exd5 Na5 19. Rxc7 Nb3 20. Qg5 Qb6 21. Rc2 h6 22. Qe7 Bf5 23. Rc7 Rab8 24. Nh4 Bh7 25. Rd7 Rbd8 26. Rxb7 Qd4 27. Rb4 Qxb2 28. Rxa4 Nc5 29.
Ra7 Qb3 30. h3 Qc2 31. Re1 Nd3 32. Rf1 Ne5 33. Qc7 Qa2 34. Qc3 Rc8 35. Qe3 Rc2 36.
Qf4 Nd3 37. Qf3 Ne5 38. Qf4 Rc4 39. Qe3 Qb2 40. f4 Rc3 41. Qd4 Nd3 42. f5 Qb3 43. f6 g5 44. Qg4 Ne5 45. Qd1 Rc2 46. Nf3 Qb6+ 47. Kh2 Nxf3+ 48. Rxf3 Qxa7 49. Re3 Qxe3 50. Qg4 Qe4 0-1

[Event "*** Titled Tuesday 3|2 Blitz"]
[Site "Chess.com"]
[Date "2017.06.06"]
[Round "1"]
[White "1lec"]
[Black "LawrenceTrent"]
[Result "0-1"]
[WhiteElo "2027"]
[BlackElo "2430"]
[TimeControl "180+2"]
[EndTime "13:58:59 PDT"]
[Termination "LawrenceTrent won by checkmate"]

1. e4 e5 2. Nf3 Nc6 3. Bb5 a6 4. Ba4 Nf6 5. d3 b5 6. Bb3 Be7 7. O-O O-O 8. a4 b4 9. a5 Bc5 10. Nbd2 d6 11. h3 h6 12. Re1 Rb8 13. Nc4 Be6 14. Be3 Bxe3 15. fxe3 Rb5 16. Qd2 Qa8 17. g4 Bxc4 18. Bxc4 Rxa5 19. Rxa5 Nxa5 20.
Qxb4 Nxc4 21. Qxc4 Qb7 22. b3 a5 23. Ra1 Qb6 24.
Kf2 c6 25. Qc3 Ra8 26. Nh4 g6 27. Ke2 Nd7 28. Nf3 Nc5 29. Nd2 Qc7 30. b4 Nb7 31. Nc4 a4 32. d4 exd4 33. Qxd4 c5 34. bxc5 dxc5 35. Qf6 Qh2+ 36. Kd3 Rd8+ 37. Kc3 Qxh3 38. Ne5 Qxe3+ 39. Kb2 Qd4+ 40. Ka2 Rf8 41. Rf1 Nd6 42. Nd7 Qxf6 43. Nxf6+ Kg7 44. Ka3 Rb8 45. e5 Nc4+ 46. Kxa4 Rb4# 0-1

[Event "*** Titled Tuesday 3|2 Blitz"]
[Site "Chess.com"]
[Date "2017.06.06"]
[Round "1"]
[White "danyuffa"]
[Black "Caminator2000"]
[Result "0-1"]
[WhiteElo "2505"]
[BlackElo "2239"]
[TimeControl "180+2"]
[EndTime "13:59:08 PDT"]
[Termination "Caminator2000 won by resignation"]

1. d4 Nf6 2. c4 e6 3. g3 c5 4. d5 exd5 5. cxd5 d6 6. Nc3 g6 7. Bg2 Bg7 8. Nf3 O-O 9. O-O Re8 10. Bf4 a6 11. a4 Ne4 12. Nxe4 Rxe4 13. Nd2 Rb4 14. b3 g5 15. Be3 Bxa1 16. Qxa1 Qe7 17. h4 gxh4 18. Bh6 f6 19. e4 h3 20. Bh1 Nd7 21.
Qc3 Ne5 22. Bf4 Bd7 23. Bxe5 Qxe5 24. Qe3 b5 25. Kh2 bxa4 26. bxa4 Bxa4 27. Qh6 Qg5 28.
Qxg5+ fxg5 29. Nf3 h6 30. e5 g4 31. Nh4 dxe5 32.
Nf5 Bd7 33. d6 Rf8 34. Ne7+ Kg7 35. f4 exf4 36. gxf4 Rbxf4 37. Re1 h5 38. Nd5 R4f7 39. Re5 Kg6 40. Be4+ Kh6 41. Kg3 Bf5 42. Bxf5 Rxf5 43. Re6+ Kg7 44. Ne7 Rf3+ 45. Kh4 h2 46. Re1 Rf1 47. Rxf1 Rxf1 48. d7 h1=Q+ 49. Kg5 Rd1 50. Nf5+ Kf7 0-1

[Event "*** Titled Tuesday 3|2 Blitz"]
[Site "Chess.com"]
[Date "2017.06.06"]
[Round "1"]
[White "Fy_Rakotomaharo"]
[Black "Grootneus"]
[Result "0-1"]
[WhiteElo "2416"]
[BlackElo "2068"]
[TimeControl "180+2"]
[EndTime "13:59:08 PDT"]
[Termination "Grootneus won on time"]

1. e4 c5 2. Nf3 a6 3. c4 d6 4. Nc3 e5 5. d3 Nc6 6. Be3 g6 7. g3 Bg7 8. Bg2 Nge7 9. O-O O-O 10. a3 f5 11. Rb1 f4 12. Bd2 Bg4 13.
h3 Be6 14. g4 a5 15. Nd5 Bxd5 16.
exd5 Nd4 17. Nxd4 cxd4 18. b4 axb4 19. axb4 g5 20. Be4 b6 21. Ra1 Qc7 22. Qb3 Kh8 23. f3 Ra7 24. Kg2 Rfa8 25. Qb2 Ra4 26. Rxa4 Rxa4 27.
Ra1 b5 28. cxb5 Rxa1 29. Qxa1 Qc2 30. Qc1 Qa4 31. b6 Qa6 32. Qc7 Ng8 33. b7 Qa2 34. Qc1 Qa7 35. b5 Qxb7 0-1

[Event "*** Titled Tuesday 3|2 Blitz"]
[Site "Chess.com"]
[Date "2017.06.06"]
[Round "1"]
[White "Squirlolz"]
[Black "Pierrebl"]
[Result "0-1"]
[WhiteElo "2248"]
[BlackElo "2534"]
[TimeControl "180+2"]
[EndTime "13:59:10 PDT"]
[Termination "Pierrebl won on time"]

1. e4 e5 2. Nf3 Nc6 3. Bb5 a6 4.
Ba4 Nf6 5. d3 d6 6. O-O b5 7. Bb3 Na5 8. Re1 Be7 9. Nbd2 O-O 10.
Nf1 Nxb3 11. axb3 Bb7 12. Ng3 Re8 13. c4 Bf8 14. h4 h6 15. Nf5 Bc8 16. Nh2 Bxf5 17.
exf5 d5 18. Ng4 dxc4 19. bxc4 Bb4 20. Rf1 bxc4 21. dxc4 Qxd1 22. Nxf6+ gxf6 23. Rxd1 h5 24. Bd2 a5 25. Kf1 Reb8 26. Ke2 Bxd2 27. Rxd2 Rb4 28. Rc2 a4 29. f3 Rab8 30. Ra2 Rd8 31. Ra3 Rd4 32.
Rd3 Rbxc4 33. Rxc4 Rxc4 34. Ke3 Rxh4 35. Rc3 Rb4 36.
Rxc7 Rxb2 37. Ra7 Ra2 38. g3 Kg7 39. f4 a3 40. Ke4 Ra1 41. Kf3 a2 42. Kg2 e4 43.
Ra3 e3 44. Rxe3 Rb1 0-1

[Event "*** Titled Tuesday 3|2 Blitz"]
[Site "Chess.com"]
[Date "2017.06.06"]
[Round "1"]
[White "Divertissement"]
[Black "tihanaivekovic223"]
[Result "1-0"]
[WhiteElo "2417"]
[BlackElo "1993"]
[TimeControl "180+2"]
[EndTime "13:59:10 PDT"]
[Termination "Divertissement won by resignation"]

1. d4 d5 2. Nf3 Nf6 3. c4 e6 4. g3 Be7 5. Bg2 O-O 6. O-O dxc4 7. Qc2 a6 8. a4 Bd7 9. Qxc4 Bc6 10. Nc3 b5 11.
Qb3 b4 12. Nd1 a5 13. Bg5 Bd5 14. Qc2 Na6 15. Bxf6 Bxf6 16. e4 b3 17. Qe2 Bb7 18.
e5 Be7 19. Nc3 Bb4 20. Qc4 Bxc3 21. Qxc3 Bd5 22. Qxa5 Qe7 23. Rfc1 c6 24. Qc3 Rfc8 25. Qe3 Nb4 26. Ne1 Bxg2 27. Kxg2 Qb7 28. Qxb3 c5+ 29. Qf3 Qa7 30. dxc5 Nd5 31. Nd3 Qa6 32. b4 Rab8 33. b5 Qa5 34. c6 Nc3 35. Nc5 Nd5 36. Rd1 h6 37. Rxd5 exd5 38. Qxd5 Rd8 39. Nd7 Qc3 40.
Rd1 Rbc8 41. e6 fxe6 42. Qxe6+ Kh7 43. Qe7 Qb3 44. Qe4+ Kh8 45. Rd3 Qf7 46. Ne5 Re8 47. Nxf7+ Kg8 48. Qd5 1-0

[Event "*** Titled Tuesday 3|2 Blitz"]
[Site "Chess.com"]
[Date "2017.06.06"]
[Round "1"]
[White "RitvarsReimanis"]
[Black "Wolverine_master"]
[Result "1-0"]
[WhiteElo "2415"]
[BlackElo "1979"]
[TimeControl "180+2"]
[EndTime "13:59:11 PDT"]
[Termination "RitvarsReimanis won by checkmate"]

1. d4 Nf6 2. c4 c5 3. d5 b5 4.
cxb5 a6 5. bxa6 Bxa6 6. Nc3 d6 7. Nf3 g6 8. g3 Bg7 9. Rb1 O-O 10. b3 Qa5 11. Bd2 Ng4 12. Qc2 Nd7 13. Bg2 Rfb8 14.
O-O c4 15. b4 Qb6 16. a4 Bb7 17. a5 Qc7 18. e4 Nge5 19. Nxe5 Nxe5 20. Be3 Nd3 21.
Bb6 Qd7 22. Ne2 Ba6 23. Rfd1 f5 24. exf5 Qxf5 25. Nd4 Bxd4 26. Bxd4 Rxb4 27. Rxb4 Nxb4 28.
Qxf5 gxf5 29. Rb1 Rb8 30. Bh3 f4 31. gxf4 Nc6 32. Rxb8+ Nxb8 33. Ba7 c3 34. Bf5 Nd7 35. Bxd7 c2 36. Be3 Kg7 37. Bd4+ Kg6 38. Bb2 Bc4 39. Be6 Kh5 40. Kg2 Kh4 41. Kf3 h5 42.
Ke3 Bd3 43. f5 Bc4 44. f6 exf6 45. Bxf6# 1-0

[Event "*** Titled Tuesday 3|2 Blitz"]
[Site "Chess.com"]
[Date "2017.06.06"]
[Round "1"]
[White "GrigorGrigorov"]
[Black "Zufi1811"]
[Result "0-1"]
[WhiteElo "2624"]
[BlackElo "2342"]
[TimeControl "180+2"]
[EndTime "13:59:14 PDT"]
[Termination "Zufi1811 won on time"]

1. d4 d5 2. c4 c6 3. cxd5 cxd5 4.
Nf3 Nf6 5. Nc3 Nc6 6. Bf4 Bf5 7. Qb3 Na5 8. Qa4+ Bd7 9. Qc2 Rc8 10. e3 e6 11. Bd3 a6 12. O-O Be7 13. h3 O-O 14. Qe2 b5 15. Ne5 Nc4 16. Rfc1 Be8 17. a4 Qb6 18. axb5 axb5 19. b3 Nd6 20. Rc2 Nfe4 21. Nxe4 dxe4 22. Bxe4 Rxc2 23. Bxc2 f6 24. Nd3 Bf7 25.
Nc5 Rd8 26. Ra6 Qc7 27. Qf3 Qc8 28. Rc6 Qa8 29. Rc7 Bf8 30. Qg4 h5 31. Qe2 Ne8 32. Rxf7 Kxf7 33. Qxh5+ Ke7 34. Qg4 Qc8 35. b4 Nd6 36. Bb3 Nc4 37. Qe2 Kf7 38. Bxc4 bxc4 39. Qxc4 Bxc5 40. dxc5 g5 41. Bg3 Rd1+ 42. Kh2 Qa8 43.
Qc3 Qa2 44. Bd6 Qxf2 45. b5 Rg1 0-1

[Event "*** Titled Tuesday 3|2 Blitz"]
[Site "Chess.com"]
[Date "2017.06.06"]
[Round "1"]
[White "CookiesAndIceCream"]
[Black "GMHess"]
[Result "0-1"]
[WhiteElo "2282"]
[BlackElo "2598"]
[TimeControl "180+2"]
[EndTime "13:59:16 PDT"]
[Termination "GMHess won by resignation"]

1. e4 d6 2. d4 Nf6 3. Nc3 c6 4. Nf3 Bg4 5. Be2 Nbd7 6. O-O e5 7. Be3 Be7 8. Ng5 Bxe2 9. Qxe2 O-O 10. Rad1 Qc7 11. Rfe1 b5 12. h3 Nb6 13. Bc1 b4 14. Nb1 exd4 15. Rxd4 c5 16. Rdd1 Rfe8 17.
Bf4 Bf8 18. Nd2 h6 19. Ngf3 Qb7 20. Qd3 Rad8 21. Nc4 Nxc4 22. Qxc4 Nxe4 23. Qd5 Qxd5 24. Rxd5 Nf6 25. Rdd1 Rxe1+ 26. Rxe1 d5 27. Ne5 Rc8 28. Kf1 g5 29. Bh2 Ne4 30. f3 Nd6 31. Rd1 d4 32. b3 Nb5 33. Nc4 Nc3 34. Re1 Nxa2 35. Ra1 Nc3 36. Rxa7 Nd5 37. Rd7 Nf6 38. Ra7 Re8 39. Be5 Nd5 40. Rd7 Nc3 41. Rc7 Ra8 42. Bd6 Nb5 43. Rc6 Ra1+ 44. Kf2 Bxd6 45. Nxd6 Nxd6 46. Rxd6 Ra2 47. Kg3 Rxc2 48. Rxh6 c4 49. bxc4 d3 50. Rd6 d2 51. c5 b3 52. c6 b2 53. c7 b1=Q 54. c8=Q+ Rxc8 0-1

[Event "*** Titled Tuesday 3|2 Blitz"]
[Site "Chess.com"]
[Date "2017.06.06"]
[Round "1"]
[White "andreimacovei2000"]
[Black "angieflynn"]
[Result "1-0"]
[WhiteElo "2391"]
[BlackElo "1768"]
[TimeControl "180+2"]
[EndTime "13:59:17 PDT"]
[Termination "andreimacovei2000 won by checkmate"]

1. e4 e6 2. d4 d5 3. Nc3 Nf6 4.
Bg5 Be7 5. e5 Ne4 6. Bxe7 Qxe7 7. Bd3 Nxc3 8. bxc3 c5 9. Nf3 Nc6 10. O-O h6 11. Re1 O-O 12. Qd2 b6 13. Qf4 a5 14. Rab1 Qd8 15. a4 Ba6 16. Bb5 Qc7 17. Rb2 Bxb5 18. Rxb5 cxd4 19. cxd4 Nb4 20. Rc1 Na2 21.
Ra1 Qxc2 22. Rxb6 Rab8 23. Rxb8 Rxb8 24. h4 Rb2 25. Qe3 Qxa4 26. Kh2 Qb4 27. Ne1 a4 28. Nd3 Qb3 29. Nxb2 Qxb2 30. Qe1 a3 31. Qb1 Nc3 32. Qc1 Na4 33. Qxb2 axb2 34. Rb1 f6 35. exf6 gxf6 36. Kg3 e5 37. dxe5 fxe5 38. f4 e4 39. f5 Kf7 40.
Kf4 Kf6 41. g4 d4 42. g5+ hxg5+ 43. hxg5+ Kf7 44. Ke5 d3 45. g6+ Kg7 46. Rh1 d2 47. Rg1 Nc3 48. f6+ Kh6 49. f7 d1=Q 50. f8=Q+ Kh5 51.
Qh8# 1-0

[Event "*** Titled Tuesday 3|2 Blitz"]
[Site "Chess.com"]
[Date "2017.06.06"]
[Round "1"]
[White "DryCounty"]
[Black "Kawhi_Leonard2"]
[Result "0-1"]
[WhiteElo "2461"]
[BlackElo "2179"]
[TimeControl "180+2"]
[EndTime "13:59:24 PDT"]
[Termination "Kawhi_Leonard2 won by resignation"]

1. e4 c5 2. Nf3 d6 3. c3 Nf6 4.
Be2 Nc6 5. d4 cxd4 6. cxd4 d5 7.
e5 Ne4 8. O-O e6 9. Be3 Be7 10.
Ne1 h6 11. f3 Ng5 12. Nc3 Bd7 13. f4 Ne4 14. Nxe4 dxe4 15. d5 exd5 16. Qxd5 Bf5 17.
Qxd8+ Rxd8 18. g4 Bh7 19. Ng2 O-O 20. Rfd1 f5 21. h3 g5 22. Bb5 fxg4 23. hxg4 gxf4 24. Nxf4 Nxe5 25. Nd5 Bg5 26. Bc5 Nxg4 27. Bxf8 Rxf8 28. Rf1 Rd8 29. Bc4 Kh8 30. Rae1 Ne5 31. b3 Nf3+ 32. Kg2 Nxe1+ 33. Rxe1 b5 34. Bxb5 Rxd5 35. Bc6 Rd2+ 36. Kg3 e3 37. Kf3 Rf2+ 38. Kg4 Rxa2 39. Bf3 Rf2 40. Re2 Rxe2 41. Bxe2 Bc2 42. b4 Be7 43. b5 Kg7 44. Kf3 Bc5 45. Kf4 Bg6 46. Ke5 h5 47. Kf4 Kh6 48. Kg3 Kg5 49. Kf3 h4 50. Kg2 Be4+ 51. Kh2 Bf5 52. Kg2 Be4+ 53.
Kh3 Bd6 54. b6 axb6 55. Bf3 Bf5+ 56. Kg2 Kf4 57. Be2 Bg4 58. Bd3 Bb4 59. Kh2 e2 60. Bxe2 Bxe2 61. Kh3 Be7 62. Kg2 b5 0-1

[Event "*** Titled Tuesday 3|2 Blitz"]
[Site "Chess.com"]
[Date "2017.06.06"]
[Round "1"]
[White "adypady02"]
[Black "WeiYi1999"]
[Result "1/2-1/2"]
[WhiteElo "2431"]
[BlackElo "2116"]
[TimeControl "180+2"]
[EndTime "13:59:25 PDT"]
[Termination "Game drawn by repetition"]

1. e4 e5 2. Nf3 Nc6 3. Bb5 a6 4. Ba4 Nf6 5. O-O Be7 6. d3 b5 7. Bb3 d6 8. a3 O-O 9. Nc3 Bg4 10. Be3 Nd4 11. Bxd4 exd4 12. Nd5 c6 13. Nxf6+ Bxf6 14. a4 Qb6 15. h3 Be6 16. Bxe6 fxe6 17. e5 dxe5 18. Qe2 b4 19. b3 c5 20. Nd2 Qc7 21.
Nc4 a5 22. Rae1 Rae8 23. Qg4 Kh8 24. Re4 g6 25. Rfe1 Kg7 26. R1e2 Re7 27. Nxe5 Bxe5 28. Rxe5 Rf6 29. Rxe6 Rexe6 30. Rxe6 h5 31. Qe4 Rxe6 32.
Qxe6 Qf4 33. Qe2 h4 34. Qe1 Kh7 35. Kf1 Kg7 36. Qe7+ Kg8 37. Qxc5 Qd2 38. Qc8+ Kh7 39. g3 hxg3 40. fxg3 Qd1+ 41. Kf2 Qd2+ 42. Kf3 Qe3+ 43.
Kg4 Qe2+ 44. Kg5 Qe5+ 45. Kg4 Qe2+ 46. Kf4 Qe3+ 47. Kg4 Qe2+ 48. Kf4 Qe3+ 49. Kg4 1/2-1/2

[Event "*** Titled Tuesday 3|2 Blitz"]
[Site "Chess.com"]
[Date "2017.06.06"]
[Round "1"]
[White "Ginger_GM"]
[Black "robbykevlishvili"]
[Result "0-1"]
[WhiteElo "2419"]
[BlackElo "2082"]
[TimeControl "180+2"]
[EndTime "13:59:26 PDT"]
[Termination "robbykevlishvili won by resignation"]

1. d4 Nf6 2. c4 c6 3. Nc3 d5 4. Nf3 e6 5. Bg5 h6 6. Bh4 dxc4 7. e4 g5 8. Bg3 b5 9. Be2 Bb7 10. e5 Nd5 11. Nd2 Nd7 12. a4 a6 13. Nde4 Nxc3 14.
bxc3 c5 15. Bf3 Bd5 16. Nd6+ Bxd6 17. Bxd5 exd5 18. exd6 O-O 19. O-O Qf6 20. f4 cxd4 21.
fxg5 Qxg5 22. Qxd4 Rae8 23. Rf4 Ne5 24. axb5 axb5 25.
Bh4 Qg6 26. Be7 Nc6 27. Qd1 Nxe7 28. Rg4 Nf5 29. Rxg6+ fxg6 30. Qxd5+ Kh8 31. d7 Rd8 32. Ra6 Kh7 33. Re6 Rf7 34. h4 Rdxd7 35. Qe4 Rd1+ 36.
Kh2 Rh1+ 37. Kxh1 Ng3+ 38. Kh2 Nxe4 39. Rxe4 Rb7 40. Kg3 Kg7 41. Kf4 Kf6 42. Rd4 Ke6 43.
Ke4 Rf7 44. Rd2 Rf1 45. Rb2 Rf5 46. Ra2 Re5+ 47. Kd4 Rd5+ 48. Ke4 Rd3 49. Ra6+ Kf7 50. Ra7+ Kf6 51. Ra6+ Kf7 52. Ra7+ Ke8 53. Rb7 Rxc3 54.
Rxb5 Rg3 55. Rc5 Rxg2 56. Ke5 Rg4 57. Ke6 Kd8 58. Kf6 h5 59. Ra5 Kc7 60. Ke5 Kb6 61. Ra1 Kc5 62. Ra8 Kb4 63. Kd5 c3 64. Rb8+ Ka3 65. Rb6 c2 66. Rc6 Kb2 67. Rb6+ Kc3 0-1

[Event "*** Titled Tuesday 3|2 Blitz"]
[Site "Chess.com"]
[Date "2017.06.06"]
[Round "1"]
[White "DiamondCrusher22"]
[Black "yian123"]
[Result "1-0"]
[WhiteElo "2013"]
[BlackElo "2381"]
[TimeControl "180+2"]
[EndTime "13:59:38 PDT"]
[Termination "DiamondCrusher22 won by resignation"]

1. e4 e6 2. d4 e5 3. dxe5 Nc6 4. Nf3 d6 5. exd6 Bxd6 6. Nc3 Nf6 7.
Bd3 Bg4 8. h3 Bh5 9. g4 Bg6 10.
Bg5 h6 11. Bh4 Bb4 12. e5 Bxd3 13. cxd3 Qe7 14. O-O Nxe5 15. Nxe5 Bxc3 16. bxc3 O-O-O 17. Re1 Rhe8 18. Rb1 c6 19. Qf3 Qa3 20. Nxc6 Rxe1+ 21. Rxe1 Qxc3 22. Ne7+ Kb8 23. Bg3+ Ka8 24. Rb1 Rd7 25. Nf5 Qxd3 26. Qxd3 Rxd3 27. Nxg7 b6 28. Nf5 h5 29. g5 Ne4 30. h4 Rf3 31. Nd4 Rd3 32. Ne2 Rd2 33. Nc1 Nc3 34. Ra1 Rd1+ 35. Kg2 Ne2 36. Nb3 Rd7 37. Re1 Nc3 38. Re8+ Kb7 39. Rh8 Nxa2 40. Rh7 Kc6 41. f4 a5 42. f5 a4 43. g6 axb3 44. g7 Rd8 45. Be5 Rg8 46. Rh8 Rxg7+ 47. Bxg7 Kd5 48. Rb8 Kc5 49. Rb7 b5 50.
Kf3 b4 51. Ke3 Kc4 52. Kd2 Nc3 53. Kc1 Nd5 54. Rb8 1-0

[Event "*** Titled Tuesday 3|2 Blitz"]
[Site "Chess.com"]
[Date "2017.06.06"]
[Round "1"]
[White "Aygehovit1992"]
[Black "goingin33"]
[Result "1-0"]
[WhiteElo "2494"]
[BlackElo "2179"]
[TimeControl "180+2"]
[EndTime "13:59:41 PDT"]
[Termination "Aygehovit1992 won by checkmate"]

1. Nf3 g6 2. c4 c5 3. Nc3 Bg7 4.
g3 Nc6 5. Bg2 Nh6 6. O-O Nf5 7.
d3 d6 8. Rb1 Bd7 9. Nd5 a5 10.
Ne1 Rb8 11. Nc2 e6 12. Nf4 b5 13. cxb5 Rxb5 14. Na3 Rb8 15. Nc4 d5 16. e4 dxc4 17.
exf5 gxf5 18. dxc4 Nd4 19. Nh5 O-O 20. Nxg7 Kxg7 21. Bf4 Bc6 22. Bxb8 Qxb8 23. Bxc6 Nxc6 24. Qd2 Nd4 25. f3 a4 26. b4 axb3 27. axb3 Rd8 28. Qg5+ Kf8 29. b4 cxb4 30. Rxb4 Nxf3+ 31. Rxf3 Rd1+ 32. Kg2 Qxb4 33. Qh4 Qb7 34. Qh6+ Kg8 35. Qg5+ Kf8 36. Qe3 e5 37. Kh3 Rd4 38. Rxf5 Qd7 39. Qh6+ Kg8 40. Qg5+ Kf8 41. c5 Rd2 42. Qf6 Rf2 43.
Qh8+ Ke7 44. Qxe5+ Kf8 45. Kg4 h5+ 46. Kg5 Qd8+ 47.
Kh6 Qd2+ 48. Rf4 Rxf4 49. gxf4 Qxh2 50. c6 Qc2 51. Qd6+ Kg8 52. c7 h4 53. Qd8# 1-0

[Event "*** Titled Tuesday 3|2 Blitz"]
[Site "Chess.com"]
[Date "2017.06.06"]
[Round "1"]
[White "TrickyTrapChess"]
[Black "Drags95"]
[Result "1-0"]
[WhiteElo "2256"]
[BlackElo "2505"]
[TimeControl "180+2"]
[EndTime "13:59:44 PDT"]
[Termination "TrickyTrapChess won by resignation"]

1. c4 Nf6 2. Nc3 e6 3. e4 d5 4. e5 d4 5. exf6 dxc3 6. bxc3 Qxf6 7. d4 e5 8. Nf3 exd4 9. cxd4 Bb4+ 10. Bd2 Bxd2+ 11.
Qxd2 O-O 12. Be2 Nc6 13. O-O Bg4 14. d5 Bxf3 15. Bxf3 Nd4 16. Be4 c5 17. Rfe1 Rfe8 18. Rab1 b6 19. a4 Re5 20. Bd3 Rae8 21. Rxe5 Rxe5 22.
Re1 g6 23. h3 Kg7 24. Rxe5 Qxe5 25. Qe3 Qxe3 26. fxe3 Nb3 27. Kf2 Kf6 28. Kf3 Ke5 29.
g4 Na5 30. h4 Nb7 31. g5 Nd6 32. Kg3 a6 33. Kf3 Nc8 34. Kg3 Ne7 35. Kf3 Ng8 36.
Kg3 h6 37. Kg4 h5+ 38. Kf3 Ne7 39. Kg3 Nc8 40. Kf3 Nd6 41. e4 Kd4 42. Ke2 Ne8 43.
Kd2 Nd6 44. Ke2 Nb7 45. Kd2 Nd8 46. Ke2 Nb7 47. Kd2 Ke5 48. Ke3 Nd6 49. Kf3 Ne8 50. Ke3 f6 51. gxf6 Nxf6 52. Kf3 Nh7 53. Ke3 g5 54. d6 Nf8 55. hxg5 h4 56. g6 Kf6 57. e5+ Kg7 58. Bf5 h3 59. Bxh3 1-0

[Event "*** Titled Tuesday 3|2 Blitz"]
[Site "Chess.com"]
[Date "2017.06.06"]
[Round "1"]
[White "Patov"]
[Black "yosephtaher"]
[Result "1-0"]
[WhiteElo "2315"]
[BlackElo "2566"]
[TimeControl "180+2"]
[EndTime "13:59:48 PDT"]
[Termination "Patov won by resignation"]

1. e4 c5 2. c3 g6 3. d4 cxd4 4.
cxd4 d5 5. e5 Nc6 6. Nc3 Bg7 7.
Nf3 Bg4 8. Be3 Nh6 9. h3 Bxf3 10. Qxf3 Nf5 11. Rd1 e6 12. g4 Nxe3 13. fxe3 O-O 14. h4 f6 15. exf6 Bxf6 16. Qh3 Bg7 17. h5 Qf6 18.
Rd2 g5 19. Rhh2 h6 20. Rhf2 Qe7 21. Rxf8+ Rxf8 22. Rf2 Rxf2 23. Kxf2 Qb4 24. Nd1 Qa4 25. Qf3 Qxa2 26. Bd3 Qa5 27. Nc3 Qb6 28. Qe2 Qc7 29. Kg2 a6 30. Bb1 Qf7 31. Qd3 Qe7 32.
Na4 Nb4 33. Qc3 Bf8 34. Nc5 Nc6 35. Qc2 Qf7 36. Nxe6 Bd6 37. Qf5 Qxf5 38. Bxf5 Kf7 39.
Nc5 Bxc5 40. dxc5 Kf6 41. Bc8 Na5 42. b4 Nc4 43. Bxb7 Ke6 44. Bxa6 Nxe3+ 45. Kf3 Nc2 46.
b5 Kd7 47. b6 Kc6 48. Bc8 Nd4+ 49. Ke3 Kxc5 50. b7 Nc6 51. Bd7 Nb8 52. Be6 Kd6 53.
Bf7 Ke5 54. Be8 d4+ 55. Kd3 Kd5 56. Bf7+ Ke5 57. Bg6 Na6 58. Kc4 Nb8 59. Kc5 Nd7+ 60.
Kc6 Nb8+ 61. Kc7 Na6+ 62. Kb6 Nb8 63. Ka7 Nc6+ 64. Ka8 Kf4 65. Bf5 Ke3 66. Bd7 d3 67. Bxc6 d2 68. Ba4 1-0

[Event "*** Titled Tuesday 3|2 Blitz"]
[Site "Chess.com"]
[Date "2017.06.06"]
[Round "1"]
[White "Alexander_Moskalenko"]
[Black "pedromartinez91"]
[Result "1-0"]
[WhiteElo "2681"]
[BlackElo "2340"]
[TimeControl "180+2"]
[EndTime "13:59:50 PDT"]
[Termination "Alexander_Moskalenko won on time"]

1. Nf3 e6 2. e4 d5 3. exd5 exd5 4.
d4 Nf6 5. Bd3 Be7 6. h3 O-O 7.
O-O Nc6 8. c3 h6 9. Bf4 Bd6 10.
Bxd6 cxd6 11. Re1 Ne7 12. Qc2 g6 13. Nh4 Kg7 14. Nd2 Bd7 15. Nf1 Nh5 16. Ng3 Nf4 17. Ne2 Ne6 18. Nf3 Rc8 19. Qd2 Ng8 20. Nf4 Nf6 21.
Re2 Ng5 22. Re3 Nge4 23. Qd1 Qb6 24. Qb3 Bc6 25. Qxb6 axb6 26. Rae1 Rfe8 27. Bb1 Re7 28. Nd3 Rce8 29. Nb4 Kf8 30. a3 Re6 31. Ba2 R6e7 32. Nh2 h5 33. Nf1 h4 34. f3 Ng5 35. Rxe7 Rxe7 36.
Rxe7 Kxe7 37. Ne3 Ke6 38. Kf2 Ngh7 39. Nd3 g5 40. f4 Ke7 41. fxg5 Nxg5 42. Nf5+ Ke6 43.
Nxh4 Nge4+ 44. Ke3 Ng3 45. Nf4+ Kd7 46. Kf3 Nge4 47. g4 Ng5+ 48. Kg2 Nge4 49. Nf3 Nh7 50. Bxd5 Bxd5 51. Nxd5 1-0